Map: Línea Aguablanca EE

Players

MrFercho

  • Race: Zerg Zerg
  • League: Silver
  • Spawn Location: 6:00

TATORREA

  • Race: Protoss Protoss
  • League: Silver
  • Spawn Location: 7:00

tigro

  • Race: Terran Terran
  • League: Bronze
  • Spawn Location: 7:00

Nuga - Winner!

  • Race: Zerg Zerg
  • Spawn Location: 1:00

Dabosaurus - Winner!

  • Race: Protoss Protoss
  • Spawn Location: 12:00

RuBones - Winner!

  • Race: Terran Terran
  • Spawn Location: 1:00

VOD

Have the link to the VOD?

Description

Time

  • Played on: June 22, 2020, 8:02 p.m.
  • Length: 13:44
Show
View Real Time Build Order
Export as new Build Order

MrFercho Zerg 

Build Orders: Hatch First, Lurkers 

Get SALT Encoding   

  12  0:01  Drone  
  13  0:14  Overlord  
  13  0:18  Drone  
  14  0:33  Drone x2  
  16  0:53  Drone  
  16  0:55  Hatchery  
  16  0:56  Drone  
  17  1:00  Drone  
  18  1:16  Spawning Pool  
  18  1:18  Drone  
  18  1:24  Drone  
  19  1:33  Drone, Extractor  
  19  1:44  Drone  
  20  1:54  Drone  
  21  2:02  Drone  
  21  2:06  Queen  
  21  2:07  Overlord  
  24  2:09  Queen  
  24  2:14  Overlord  
  26  2:20  Zergling x2  
  27  2:29  Zergling x2  
  28  2:32  Drone  
  28  2:34  Drone  
  30  3:01  Drone x4  
  34  3:07  Spine Crawler  
  34  3:10  Drone x2  
  34  3:12  Drone  
  36  3:22  Roach Warren  
  37  4:00  Queen  
  37  4:03  Roach x3  
  37  4:04  Overlord x2  
  37  4:05  Overlord  
  43  4:11  Lair  
  43  4:14  Drone  
  44  4:23  Extractor  
  43  4:25  Roach, Extractor  
  44  4:36  Drone x2  
  44  4:38  Roach x2  
  50  4:46  Queen  
  52  4:55  Drone x2  
  52  4:57  Drone  
  55  5:29  Drone x7  
  55  5:32  Overlord  
  62  5:40  Drone  
  62  5:41  Drone  
  62  5:52  Glial Reconstitution  
  62  5:54  Hatchery, Drone x2  
  61  5:59  Roach  
  61  6:00  Roach x2  
  67  6:12  Drone  
  67  6:13  Hydralisk Den  
  67  6:15  Drone x3  
  70  6:24  Spore Crawler  
  69  6:26  Spore Crawler  
  69  6:32  Spore Crawler  
  67  6:33  Spore Crawler  
  67  6:34  Drone x2  
  67  6:35  Spore Crawler  
  67  6:36  Extractor  
  66  6:42  Grooved Spines  
  66  6:48  Extractor  
  66  6:51  Evolution Chamber, Hydralisk x4  
  66  6:53  Evolution Chamber  
  71  7:05  Drone x2  
  71  7:07  Drone x3  
  76  7:08  Queen  
  78  7:22  Overlord x3  
  78  7:23  Overlord x2  
  78  7:30  Zerg Missile Weapons Level 1, Zerg Ground Armor Level 1  
  78  7:40  Lurker Den, Extractor  
  76  7:44  Drone x2  
  76  7:45  Drone x5  
  83  7:54  Muscular Augments  
  83  7:57  Hydralisk x4  
  91  7:59  Hatchery  
  90  8:16  Drone x7  
  97  8:38  Hydralisk x6  
  97  8:39  Hydralisk x2  
  106  9:04  Hydralisk  
  106  9:05  Hydralisk x7  
  122  9:21  Infestation Pit  
  121  9:35  Overlord  
  121  9:36  Overlord x7  
  121  9:37  Overlord  
  120  10:05  Hydralisk x7  
  120  10:06  Hydralisk x7  
  91  10:21  Hive  
  91  10:25  Hydralisk x4  
  91  10:26  Hydralisk x4  
  99  10:49  Hydralisk  
  81  10:50  Hydralisk x11  
  103  11:15  Lurker  
  103  11:16  Lurker x4  
  108  11:25  Hydralisk x10  
  108  11:26  Hydralisk x2  
  120  11:40  Hydralisk x5  
  82  12:19  Hydralisk x9  
  78  12:40  Hydralisk x3  
  56  13:07  Lurker x3  
Show
View Real Time Build Order
Export as new Build Order

TATORREA Protoss 

Build Orders:  

Get SALT Encoding   

  12  0:06  Probe  
  13  0:18  Probe  
  14  0:30  Probe, Pylon  
  15  0:38  Pylon  
  15  0:48  Probe  
  16  0:50  Gateway  
  16  1:01  Probe  
  16  1:09  Probe  
  16  1:10  Assimilator  
  18  1:19  Probe  
  19  1:31  Probe  
  20  1:43  Probe  
  21  1:56  Nexus  
  21  2:08  Probe  
  21  2:09  Gateway  
  21  2:10  Cybernetics Core  
  21  2:12  Pylon  
  22  2:17  Probe  
  22  2:21  Assimilator  
  23  2:26  Probe  
  24  2:38  Probe  
  25  2:56  Robotics Facility  
  25  3:01  Stalker  
  27  3:06  Probe  
  27  3:07  Probe  
  29  3:15  Probe  
  29  3:19  Probe  
  33  3:30  Probe  
  33  3:31  Probe  
  35  3:35  Stalker  
  35  3:43  Probe  
  35  3:44  Probe  
  35  3:55  Probe  
  35  3:56  Probe  
  36  4:05  Stalker  
  36  4:07  Probe  
  36  4:08  Probe  
  40  4:10  Assimilator  
  40  4:13  Assimilator  
  40  4:19  Probe, Pylon  
  40  4:20  Probe  
  40  4:21  Pylon  
  40  4:24  Immortal  
  46  4:25  Pylon  
  47  4:31  Probe  
  47  4:33  Probe  
  48  4:42  Forge  
  48  4:43  Probe  
  48  4:45  Twilight Council, Probe  
  50  4:54  Warp Gate  
  50  4:55  Probe  
  51  5:03  Observer  
  52  5:07  Probe x2  
  52  5:09  Protoss Ground Weapons Level 1  
  54  5:19  Probe x2  
  56  5:24  Immortal  
  60  5:29  Robotics Bay  
  60  5:46  Gateway, Nexus  
  60  5:48  Gateway  
  60  5:50  Pylon, Gateway  
  60  5:51  Probe x2  
  62  6:01  Extended Thermal Lance  
  62  6:03  Probe x2  
  64  6:08  Stalker  
  66  6:15  Colossus  
  72  6:28  Probe x2  
  72  6:29  Pylon  
  74  6:40  Probe x2  
  74  6:46  Stalker x3  
  82  6:49  Stalker  
  82  6:52  Probe x2  
  86  7:03  Probe  
  86  7:04  Probe x2, Protoss Ground Weapons Level 2  
  89  7:12  Blink  
  89  7:15  Probe  
  90  7:16  Assimilator  
  90  7:17  Probe x2, Nexus  
  90  7:19  Pylon  
  90  7:21  Pylon  
  92  7:27  Probe  
  92  7:29  Probe x2  
  95  7:52  Probe x3  
  95  7:58  Gateway  
  98  7:59  Gateway  
  98  8:00  Gateway  
  98  8:01  Assimilator  
  98  8:03  Gateway  
  98  8:04  Probe x3  
  101  8:12  Stalker  
  101  8:13  Stalker x3  
  101  8:17  Colossus  
  115  8:37  Probe  
  115  8:40  Probe x2  
  118  8:49  Probe  
  118  8:50  Stalker x2  
  118  8:51  Stalker, Assimilator  
  118  8:52  Probe, Stalker  
  118  8:53  Probe  
  118  8:54  Assimilator  
  129  8:59  Stalker  
  129  9:00  Stalker x2  
  135  9:13  Probe x2  
  137  9:25  Stalker  
  137  9:28  Nexus  
  137  9:30  Pylon  
  139  9:33  Pylon  
  139  9:48  Colossus  
  93  10:04  Stalker x3  
  93  10:05  Stalker x5  
  86  10:29  Protoss Ground Weapons Level 3  
  86  10:31  Stalker x2, Colossus  
  86  10:32  Stalker x4  
  86  10:33  Stalker x2  
  86  10:59  Stalker x3  
  86  11:00  Stalker x4  
  86  11:01  Stalker  
  76  11:25  Colossus  
  74  11:27  Stalker x4  
  74  11:28  Stalker x2  
  68  11:56  Stalker x3  
  68  11:57  Stalker x3  
Show
View Real Time Build Order
Export as new Build Order

tigro Terran 

Build Orders:  

Get SALT Encoding   

  12  0:03  SCV  
  13  0:15  SCV  
  14  0:24  Supply Depot  
  14  0:27  SCV  
  15  0:36  Refinery  
  15  0:46  SCV  
  16  0:50  Barracks  
  16  0:58  SCV  
  17  1:04  Refinery  
  17  1:10  SCV  
  18  1:22  SCV  
  19  1:27  Supply Depot  
  19  1:34  SCV  
  19  1:39  Marine  
  20  1:46  SCV  
  22  1:55  Barracks  
  22  1:57  Marine  
  23  2:05  SCV  
  24  2:08  Engineering Bay  
  24  2:15  Marine  
  24  2:19  SCV  
  26  2:32  SCV  
  26  2:33  Marine  
  28  2:41  Factory  
  28  2:44  Orbital Command  
  28  2:51  Marine  
  29  2:52  Barracks Tech Lab  
  29  3:03  Terran Infantry Weapons Level 1  
  29  3:19  Barracks Reactor  
  29  3:20  Combat Shield  
  29  3:26  Marine  
  30  3:44  Marine  
  31  4:02  Marine  
  31  4:28  Marine  
  32  4:31  Factory Tech Lab  
  32  4:32  Command Center  
  32  4:38  Starport  
  32  4:41  Concussive Shells  
  32  4:46  Marine  
  33  4:57  Terran Infantry Armor Level 1  
  33  5:22  Medivac  
  33  5:24  Stimpack  
  35  5:47  Refinery  
  35  5:57  Fusion Core  
  35  5:58  Marine x3  
  38  6:06  SCV  
  39  6:16  Marine x3  
  39  6:18  SCV  
  43  6:30  SCV  
  44  6:33  Marine  
  44  6:34  Marine x2  
  44  6:38  Refinery  
  47  6:41  Starport Tech Lab  
  47  6:42  SCV  
  48  6:51  Marine, Neosteel Armor  
  48  6:52  Marine x2  
  48  6:53  Starport  
  51  6:54  SCV  
  51  6:59  Armory  
  52  7:06  SCV  
  52  7:08  Siege Tank  
  56  7:09  Marine  
  57  7:18  SCV  
  58  7:31  SCV  
  59  7:39  Weapon Refit  
  59  7:40  Siege Tank  
  62  7:50  Supply Depot  
  62  8:05  Starport Tech Lab  
  62  8:12  SCV, Medivac  
  65  8:13  Supply Depot  
  65  8:24  SCV  
  66  8:31  Hi-Sec Auto Tracking  
  66  8:36  SCV  
  67  8:48  SCV  
  68  9:00  SCV  
  69  9:16  Command Center  
  49  9:19  Rapid Reignition System  
  40  9:27  Marine  
  40  9:28  Marine x2, Terran Infantry Weapons Level 2  
  43  9:31  Medivac  
  43  9:32  Medivac  
  47  9:45  Marine  
  47  9:46  Marine x2  
  50  10:01  Battlecruiser  
  50  10:03  Marine x3  
  59  10:16  Advanced Ballistics  
  59  10:21  Marine x3  
  62  10:39  Marine  
Show
View Real Time Build Order
Export as new Build Order

Nuga Zerg - Winner!

Build Orders: Pool First 

Get SALT Encoding   

  12  0:05  Drone  
  13  0:14  Overlord  
  13  0:21  Drone  
  14  0:34  Drone x2  
  16  0:37  Drone  
  16  0:39  Extractor  
  16  0:49  Spawning Pool  
  15  0:54  Drone  
  16  1:04  Drone  
  17  1:42  Hatchery  
  17  1:43  Zergling x4  
  17  1:44  Zergling x2  
  17  1:45  Metabolic Boost  
  19  2:10  Queen  
  19  2:11  Overlord  
  19  2:12  Overlord  
  21  2:23  Drone  
  22  2:33  Drone  
  23  2:58  Drone  
  23  2:59  Drone x2  
  23  3:04  Queen  
  28  3:06  Queen  
  30  3:14  Roach Warren  
  29  3:23  Drone x5  
  34  3:36  Drone x2  
  33  3:57  Drone x4  
  33  3:59  Lair  
  37  4:06  Drone x2  
  39  4:23  Extractor  
  38  4:25  Extractor  
  38  4:30  Queen  
  39  4:35  Hatchery  
  39  4:36  Drone x3  
  41  4:45  Drone  
  41  4:46  Drone  
  43  4:55  Evolution Chamber  
  43  4:56  Evolution Chamber  
  41  5:02  Drone x3  
  44  5:15  Hydralisk Den  
  43  5:25  Drone  
  43  5:26  Overlord  
  43  5:27  Overlord x2  
  44  5:32  Zerg Missile Weapons Level 1  
  44  5:33  Zerg Ground Armor Level 1  
  44  5:51  Drone  
  44  5:52  Drone x3  
  44  5:53  Overlord x2  
  48  6:03  Hydralisk x3  
  48  6:04  Hydralisk x5  
  50  6:09  Muscular Augments  
  64  6:24  Drone x2  
  64  6:25  Drone  
  67  6:31  Extractor  
  67  6:32  Drone x2  
  68  6:33  Drone  
  69  6:52  Overseer x3  
  69  6:59  Spore Crawler  
  69  7:00  Spore Crawler  
  67  7:06  Drone x3  
  70  7:08  Extractor  
  70  7:10  Extractor  
  68  7:21  Grooved Spines  
  68  7:43  Infestation Pit, Zerg Missile Weapons Level 2  
  67  7:44  Zerg Ground Armor Level 2  
  67  7:49  Drone x2  
  67  7:50  Drone  
  70  7:55  Drone x3  
  70  7:56  Drone  
  70  7:57  Drone x2  
  76  8:08  Zergling x8  
  76  8:10  Hydralisk x4  
  90  8:13  Roach  
  90  8:14  Overlord  
  90  8:15  Overlord x4  
  90  8:16  Overlord  
  85  9:05  Zergling x12  
  91  9:14  Hydralisk x4  
  91  9:15  Hydralisk x10  
  111  9:35  Hydralisk x6  
  112  9:56  Hydralisk x6  
  106  10:20  Hydralisk x7  
  108  10:43  Hydralisk  
  108  10:44  Hydralisk x5  
  112  10:59  Hydralisk  
  112  11:00  Hydralisk x4  
  108  11:52  Hydralisk x3  
  108  11:53  Hydralisk x6  
  106  12:35  Hydralisk  
  106  12:36  Hydralisk x7  
  122  12:41  Overlord  
Show
View Real Time Build Order
Export as new Build Order

Dabosaurus Protoss - Winner!

Build Orders: Carriers 

Get SALT Encoding   

  12  0:39  Pylon  
  12  0:44  Probe, Pylon  
  13  0:52  Probe  
  14  1:01  Probe  
  15  1:13  Probe  
  15  1:16  Nexus  
  16  1:24  Probe  
  16  1:25  Gateway  
  17  1:39  Assimilator  
  17  1:45  Assimilator  
  17  1:52  Forge  
  17  2:03  Probe  
  18  2:11  Probe  
  19  2:21  Probe, Cybernetics Core  
  19  2:27  Probe  
  20  2:33  Probe  
  20  2:35  Probe  
  23  2:44  Probe  
  23  2:45  Probe  
  25  2:56  Probe  
  25  2:57  Probe  
  27  3:08  Probe  
  28  3:15  Photon Cannon  
  28  3:20  Probe  
  29  3:28  Stargate  
  29  3:31  Stargate  
  29  3:33  Probe  
  30  3:40  Pylon  
  30  3:41  Probe  
  30  3:46  Probe  
  31  3:49  Probe  
  31  3:54  Probe  
  31  3:55  Assimilator  
  33  3:57  Pylon  
  33  3:58  Probe  
  35  4:03  Assimilator  
  35  4:04  Probe  
  35  4:07  Pylon  
  36  4:10  Probe  
  36  4:16  Probe  
  38  4:17  Void Ray  
  38  4:18  Pylon  
  38  4:21  Void Ray  
  38  4:22  Probe  
  39  4:28  Probe  
  48  4:40  Probe  
  49  4:52  Probe, Protoss Air Weapons Level 1  
  50  5:04  Probe  
  50  5:06  Void Ray  
  55  5:17  Probe  
  55  5:19  Nexus  
  56  5:21  Stargate  
  56  5:29  Probe, Stargate  
  56  5:53  Probe  
  57  6:16  Void Ray  
  57  6:17  Void Ray x2  
  69  6:23  Pylon  
  69  6:26  Void Ray  
  69  6:32  Probe, Assimilator  
  74  6:40  Probe, Pylon  
  74  6:41  Probe  
  76  6:49  Probe  
  76  6:50  Probe  
  78  6:57  Probe  
  78  7:02  Probe  
  78  7:06  Probe  
  78  7:07  Assimilator  
  80  7:14  Probe  
  82  7:18  Probe  
  83  7:26  Probe, Fleet Beacon  
  84  7:30  Void Ray x2, Probe  
  84  7:33  Photon Cannon  
  85  7:39  Probe  
  94  7:51  Protoss Air Armor Level 1  
  94  7:58  Photon Cannon  
  94  8:12  Probe  
  95  8:20  Probe  
  96  8:30  Probe  
  96  8:33  Carrier x2  
  109  8:35  Nexus  
  109  8:45  Pylon  
  109  9:00  Probe  
  109  9:04  Carrier  
  116  9:12  Probe  
  117  9:47  Carrier x2  
  117  9:50  Carrier  
  111  10:08  Carrier  
  111  10:13  Probe  
  118  10:21  Probe, Assimilator  
  118  10:25  Pylon  
  119  10:31  Probe  
  120  10:43  Probe  
  121  10:51  Carrier x2  
  121  10:54  Carrier  
  121  10:55  Probe  
  132  11:12  Carrier  
  138  12:03  Carrier  
  138  12:05  Carrier  
  140  12:10  Carrier  
  134  12:16  Carrier  
  128  12:44  Probe  
  129  12:52  Probe  
  130  12:58  Assimilator  
  130  13:01  Pylon  
  130  13:02  Probe  
  130  13:05  Pylon  
  137  13:14  Probe  
  156  13:37  Pylon  
Show
View Real Time Build Order
Export as new Build Order

RuBones Terran - Winner!

Build Orders:  

Get SALT Encoding   

  12  0:02  SCV  
  13  0:14  SCV  
  14  0:26  SCV, Supply Depot  
  15  0:47  SCV  
  16  0:56  Barracks  
  16  1:01  SCV, Barracks  
  17  1:09  Refinery  
  17  1:13  SCV  
  18  1:25  SCV  
  19  1:37  SCV  
  20  1:47  Marine  
  20  1:53  Marine  
  22  1:58  Supply Depot  
  22  2:00  SCV  
  23  2:19  SCV, Marine  
  25  2:26  Marine  
  26  2:37  Marine  
  26  2:43  Orbital Command  
  26  2:44  Marine  
  27  2:47  Refinery  
  28  2:55  Marine  
  29  3:26  Marine x2  
  30  3:44  Marine x2  
  29  4:02  Marine  
  26  4:20  Factory  
  26  4:40  Marine  
  26  4:41  Marine  
  28  5:00  Command Center  
  28  5:07  Factory Tech Lab  
  28  5:17  Starport, Marine x2  
  30  5:24  SCV  
  31  5:51  SCV, Siege Tank  
  31  5:56  Supply Depot  
  35  6:04  SCV  
  36  6:15  Refinery  
  36  6:16  SCV  
  37  6:19  Supply Depot  
  37  6:26  Liberator  
  37  6:28  SCV  
  41  6:40  SCV  
  41  6:41  Siege Tank  
  41  6:42  Supply Depot  
  45  6:47  Marine x2  
  45  6:52  SCV  
  48  7:00  Orbital Command  
  48  7:08  SCV  
  49  7:09  Liberator  
  52  7:20  SCV  
  53  7:32  SCV  
  53  7:34  Refinery  
  54  7:44  SCV  
  54  7:47  Siege Tank  
  58  7:52  Medivac  
  58  7:56  SCV  
  61  8:07  Factory  
  61  8:09  SCV  
  62  8:14  Armory  
  62  8:18  SCV  
  63  8:21  SCV  
  64  8:30  SCV  
  64  8:33  SCV  
  66  8:42  SCV  
  66  8:45  SCV  
  68  8:57  SCV  
  69  9:03  Engineering Bay  
  69  9:09  SCV  
  64  10:35  Liberator  
  64  10:38  Siege Tank  
  64  10:41  Marine  
  64  10:42  Marine  
  72  10:59  Marine x2  
  74  11:11  Siege Tank  
  77  11:17  Marine  
  78  11:20  Liberator  
  78  11:24  Marine  
  76  11:35  Marine  
  77  11:42  Marine  
  78  12:07  Medivac, Marine x2  
  78  12:08  Siege Tank  
  85  12:18  Supply Depot  
  83  12:25  Marine x2  
  84  12:37  Medivac  
  84  12:40  Siege Tank  
  84  12:41  Supply Depot  
  89  12:52  Marine  
  89  12:53  Marine  
  91  13:03  Supply Depot  
  91  13:07  Medivac  
  91  13:10  Marine  
  91  13:11  Marine  
  91  13:12  Siege Tank  
  98  13:26  Supply Depot  
Tags
 
Add a new tag
Caveats
  • Supply blocks, unpowered buildings, or Contaminate may cause inaccurate times.
  • Supply counts are checked every 10 seconds.